 Dungeon Sprint DCSS version 0.20-a0-217-g17e8ceb (webtiles) character file.

773 Canaver the Carver (level 7, -1/61 HPs)
             Began as a Demonspawn Fighter on Nov 28, 2016.
             Was a Believer of Makhleb.
             Slain by a manticore (10 damage)
             ... in the Dungeon (Sprint IX: "|||||||||||||||||||||||||||||").
             The game lasted 00:01:22 (156 turns).

Canaver the Carver (Demonspawn Fighter)              Turns: 156, Time: 00:01:23

Health: -1/61      AC: 11    Str: 24    XL:     7   Next: 53%
Magic:  7/12       EV: 12    Int:  9    God:    Makhleb [**....]
Gold:   0          SH: 11    Dex: 15    Spells: 6/6 levels left

rFire  . . .     SeeInvis .     o - +2 scimitar (flame)
rCold  . . .     Gourm    .     p - +2 ring mail
rNeg   . . .     Faith    .     c - +0 shield
rPois  .         Spirit   .     (helmet restricted)
rElec  .         Reflect  .     q - +0 cloak
rCorr  .         Harm     .     (no gloves)
MR     .....     NoTele   +     (no boots)
Stlth  +.........               (no amulet)
                                r - +2 ring of evasion
                                s - +3 ring of strength

@: mighty
A: antennae 2, rugged brown scales 2, demonic guardian 1
a: Minor Destruction, Renounce Religion


You were in the Dungeon.
You worshipped Makhleb.
Makhleb was pleased with you.
You were not hungry.

You visited 1 branch

Inventory:

Hand Weapons
 o - a +2 scimitar of flaming (weapon)
Armour
 c - a +0 shield (worn)
 p - a +2 ring mail (worn)
 q - a +0 cloak (worn)
Jewellery
 r - a +2 ring of evasion (right hand)
 s - a +3 ring of strength (left hand)
Wands
 n - a wand of acid (7/15)
Scrolls
 k - 2 scrolls of blinking
 l - 3 scrolls of remove curse
 m - 2 scrolls of amnesia
Potions
 e - 5 potions of curing
 g - 3 potions of heal wounds
 h - a potion of haste
 i - 4 potions of magic
 j - a potion of invisibility
Comestibles
 f - a bread ration


   Skills:
 + Level 6.6 Fighting
 + Level 10.5 Long Blades
 + Level 6.1 Armour
 + Level 2.0 Dodging
 + Level 6.1 Shields
 * Level 7.7 Invocations


You had 6 spell levels left.
You didn't know any spells.

Dungeon Overview and Level Annotations

Branches:
Dungeon (1/1)

Altars:
Cheibriados
Dithmenos
Elyvilon
Fedhas
Gozag
Hepliaklqana
Kikubaaqudgha
Makhleb
Nemelex Xobeh
Okawaru
Qazlal
Ru
Sif Muna
Trog
Uskayaw
Vehumet
Xom
Yredelemnul
Zin
The Shining One
Beogh
Jiyva
Lugonu


Innate Abilities, Weirdness & Mutations

You have a pair of antennae on your head.
You are mostly covered in rugged brown scales. (AC +2, +5% HP)
A weak demonic guardian rushes to your aid.


Message History

You slash the centaur! You burn the centaur.
The centaur is severely wounded.
You block the centaur's attack.
You slash the centaur! You burn the centaur.
You kill the centaur!
Makhleb accepts your kill.
You feel better.
Your Dodging skill increases to level 2!
Your Shields skill increases to level 6!
Unknown command.
You slash the manticore! You burn the manticore.
The manticore is moderately wounded.
The manticore bites you!
* * * LOW HITPOINT WARNING * * *
You block the manticore's attack. The manticore misses you.
You hit the manticore. You burn the manticore.
The manticore is moderately wounded.
You block the manticore's attack. The manticore completely misses you.
The manticore claws you!
You die...

▓[▓
▓)▓
▓.▓
▓.▓
▓.▓
▓.▓
▓5▓
▓5▓
▓@▓
▓H▓
▓h▓
▓H▓
▓z▓
▓.▓
▓.▓
▓+▓


You could see a manticore, a hippogriff, a hound, a wight, a friendly shadow imp
and a friendly ufetubus.

Vanquished Creatures
  A shadow (D)
  A hungry ghost (D)
  An orc warrior (D)
  A sky beast (D)
  A phantom (D)
  A centaur (D)
  A bullfrog (D)
  A howler monkey (D)
  A hound (D)
  A leopard gecko (D)
  A bat zombie (D)
  2 giant cockroaches (D)
  A hobgoblin (D)
  2 jackals (D)
  A kobold (D)
  A bat (D)
18 creatures vanquished.

Notes
Turn   | Place    | Note
-------+----------+-------------------------------------------
     0 | D        | Canaver the Demonspawn Fighter began the quest for the Orb.
     0 | D        | Reached XP level 1. HP: 18/18 MP: 1/1
     4 | D        | Reached skill level 2 in Long Blades
     7 | D        | Reached skill level 3 in Long Blades
    18 | D        | Noticed a phantom
    18 | D        | Noticed a howler monkey
    19 | D        | Reached skill level 4 in Long Blades
    19 | D        | Gained mutation: You have a pair of small antennae on your head. [demonic ancestry]
    19 | D        | Reached XP level 2. HP: 24/24 MP: 2/2
    27 | D        | Killed a howler monkey
    27 | D        | Reached skill level 6 in Long Blades
    27 | D        | Gained mutation: You have a pair of antennae on your head. [demonic ancestry]
    27 | D        | Reached XP level 3. HP: 29/29 MP: 3/3
    37 | D        | Killed a phantom
    37 | D        | Reached skill level 9 in Long Blades
    37 | D        | Reached XP level 4. HP: 18/35 MP: 4/4
    41 | D        | Found a roughly hewn altar of Beogh.
    41 | D        | Found a snail-covered altar of Cheibriados.
    41 | D        | Found a shadowy altar of Dithmenos.
    41 | D        | Found a white marble altar of Elyvilon.
    41 | D        | Found a blossoming altar of Fedhas.
    41 | D        | Found an opulent altar of Gozag.
    42 | D        | Found a hazy altar of Hepliaklqana.
    43 | D        | Found a viscous altar of Jiyva.
    44 | D        | Found an ancient bone altar of Kikubaaqudgha.
    45 | D        | Found a corrupted altar of Lugonu.
    46 | D        | Found a burning altar of Makhleb.
    47 | D        | Found a sparkling altar of Nemelex Xobeh.
    48 | D        | Found an iron altar of Okawaru.
    49 | D        | Found a stormy altar of Qazlal.
    50 | D        | Found a sacrificial altar of Ru.
    51 | D        | Found a deep blue altar of Sif Muna.
    52 | D        | Found a bloodstained altar of Trog.
    53 | D        | Found a hide-covered altar of Uskayaw.
    54 | D        | Found a radiant altar of Vehumet.
    55 | D        | Found a shimmering altar of Xom.
    56 | D        | Found a basalt altar of Yredelemnul.
    57 | D        | Found a glowing silver altar of Zin.
    62 | D        | Became a worshipper of Makhleb the Destroyer
    67 | D        | Found a glowing golden altar of the Shining One.
   117 | D        | Noticed a bullfrog
   117 | D        | Noticed a sky beast
   117 | D        | Noticed an orc warrior
   117 | D        | Noticed a hungry ghost
   126 | D        | Killed a bullfrog
   126 | D        | Gained mutation: You are partially covered in rugged brown scales. (AC +1, +3% HP) [demonic ancestry]
   126 | D        | Reached XP level 5. HP: 15/43 MP: 4/7
   130 | D        | Killed a sky beast
   130 | D        | Reached * piety under Makhleb
   130 | D        | Gained mutation: A weak demonic guardian rushes to your aid. [demonic ancestry]
   130 | D        | Reached XP level 6. HP: 18/50 MP: 4/9
   134 | D        | Killed an orc warrior
   134 | D        | Reached skill level 5 in Fighting
   134 | D        | Reached skill level 1 in Dodging
   134 | D        | Reached skill level 5 in Invocations
   136 | D        | Reached skill level 5 in Armour
   139 | D        | Killed a hungry ghost
   139 | D        | Reached ** piety under Makhleb
   139 | D        | Reached skill level 10 in Long Blades
   139 | D        | Reached skill level 5 in Shields
   139 | D        | Gained mutation: You are mostly covered in rugged brown scales. (AC +2, +5% HP) [demonic ancestry]
   139 | D        | Reached XP level 7. HP: 19/59 MP: 5/11
   149 | D        | Noticed a shadow
   149 | D        | Noticed a manticore
   149 | D        | Noticed a hippogriff
   151 | D        | Killed a shadow
   156 | D        | Slain by a manticore

Vault maps used:
D:        linesprint

Skill      XL: |  1  2  3  4  5  6  7 |
---------------+----------------------+-----
Long Blades    | 4 6 9 10 | 10.5
Armour         | 3 4 5 6 |  6.1
Shields        | 3 4 5 6 |  6.1
Invocations    | 2 4 6 7 |  7.7
Fighting       | 4 5 6 |  6.6
Dodging        | 1 2 |  2.0

Action                   |  1- 3 |  4- 6 |  7- 9 || total
-------------------------+-------+-------+-------++-------
Melee: Long sword        |    23 |       |       ||    23
       Scimitar          |       |    21 |     6 ||    27
  Use: Potion            |     1 |     1 |       ||     2
Armor: Scale mail        |    10 |       |       ||    10
       Ring mail         |       |     6 |       ||     6
Dodge: Dodged            |     4 |     5 |     3 ||    12
Block: Shield            |     7 |     8 |     5 ||    20
       Rpst.: Long sword |     3 |       |       ||     3
       Scimitar          |       |     2 |       ||     2
